 Dungeon Crawl Stone Soup version 0.28.0-45-g0d030f2227 (webtiles) character file.

Game seed: 1180773741757932375

144 Ablot the Cutter (level 5, 0/47 HPs)
             Began as a Gnoll Chaos Knight on Apr 16, 2022.
             Was a Plaything of Xom.
             Slain by a river rat (8 damage)
             ... in a sewer.
             The game lasted 00:05:21 (3246 turns).

Ablot the Cutter (Gnoll Chaos Knight)               Turns: 3246, Time: 00:05:21

Health: 0/47       AC:  8    Str: 12 (13) XL:     5   Next: 27%
Magic:  7/7        EV: 12    Int: 12      God:    Xom [*.....]
Gold:   115        SH:  0    Dex: 11      Spells: 6/6 levels left

rFire   . . .      SeeInvis .   a - +0 short sword (chaos)
rCold   . . .      Faith    .   (no shield)
rNeg    . . .      Spirit   .   b - +2 leather armour
rPois   .          Reflect  .   i - +2 helmet
rElec   .          Harm     .   (no cloak)
rCorr   .          Rampage  .   (no gloves)
Will    .....                   (no boots)
Stlth   +.........              (no amulet)
HPRegen 0.15/turn               (no ring)
MPRegen 0.10/turn               (no ring)

@: no status effects
A: fangs 1, strong nose, distributed training
a: Renounce Religion


You were in a sewer.
You worshipped Xom.
You were a special plaything of Xom.
You visited 1 branch of the dungeon, and saw 3 of its levels.
You also visited: Sewer.

You collected 115 gold pieces.

Inventory:

Hand Weapons
 a - a +0 short sword of chaos (weapon)
Missiles
 d - 74 stones
 m - 3 poisoned darts (quivered)
 r - 24 arrows
Armour
 b - a +2 leather armour (worn)
 i - a +2 helmet (worn)
Magical Staves
 j - a staff of earth
Scrolls
 c - a scroll of silence {unknown}
 e - a scroll of holy word {unknown}
 h - a scroll of amnesia {unknown}
 l - 2 scrolls of blinking {unknown}
 o - 2 scrolls of magic mapping {unknown}
 q - a scroll of identify {unknown}
Potions
 f - a potion of lignification {unknown}
 g - 2 potions of flight {unknown}
 k - a potion of attraction {unknown}
 n - a potion of heal wounds {unknown}
 p - a potion of brilliance {unknown}
 s - a potion of haste {unknown}
 t - 2 potions of berserk rage {unknown}


   Skills:
 + Level 6.7 Fighting
 + Level 6.7 Short Blades
 + Level 1.4 Long Blades
 + Level 1.4 Axes
 + Level 1.4 Maces & Flails
 + Level 1.4 Polearms
 + Level 1.4 Staves
 + Level 1.4 Slings
 + Level 1.4 Bows
 + Level 1.4 Crossbows
 + Level 1.4 Throwing
 + Level 4.7 Armour
 + Level 2.9 Dodging
 + Level 1.4 Stealth
 + Level 1.4 Shields
 + Level 1.4 Unarmed Combat
 + Level 1.4 Spellcasting
 + Level 1.1 Conjurations
 + Level 1.1 Hexes
 + Level 1.1 Summonings
 + Level 1.1 Necromancy
 + Level 1.1 Translocations
 + Level 1.1 Transmutations
 + Level 1.1 Fire Magic
 + Level 1.1 Ice Magic
 + Level 1.1 Air Magic
 + Level 1.1 Earth Magic
 + Level 1.1 Poison Magic
 + Level 1.6 Invocations
 + Level 1.4 Evocations


You had 6 spell levels left.
You didn't know any spells.
Your spell library was empty.

Dungeon Overview and Level Annotations

Branches:
Dungeon (3/15)              Sewer (1/1)

Altars:
Hepliaklqana
Trog
Yredelemnul

Annotations:
D:3 3 runed translucent doors, exclusion: 3 doors, Descartes's ghost, amateur OpWn


Innate Abilities, Weirdness & Mutations

You have very sharp teeth.
Your uncanny sense of smell can sniff out nearby items.
Your experience applies equally to all skills.


Message History

You barely miss the ball python. Your bite misses the ball python.
The ball python is severely wounded.
The endoplasm freezes you.
You are frozen.
The ball python completely misses you. The ball python constricts you.
The river rat barely misses you.
You hit the ball python.
You kill the ball python!
The endoplasm freezes you.
You are frozen.
You hit the river rat but do no damage.
The river rat goes berserk!
The river rat completely misses you. The river rat bites you.
You hit the river rat but do no damage.
The river rat seems to speed up.
You bite the river rat, but do no damage.
The endoplasm freezes you.
You are frozen.
The river rat bites you but does no damage.
You hit the river rat.
The river rat is poisoned.
The river rat is moderately wounded.
The endoplasm barely misses you. The river rat bites you!
You are too injured to fight recklessly!
You are too injured to fight recklessly!
You are too injured to fight recklessly!
You are too injured to fight recklessly!
You hit the endoplasm.
The endoplasm is severely wounded.
The river rat barely misses you. The endoplasm freezes you.
You are frozen.
You hit the endoplasm.
You kill the endoplasm!
The river rat barely misses you.
You closely miss the river rat.
The river rat is moderately wounded.
The river rat bites you!
* * * LOW HITPOINT WARNING * * *
You hit the river rat but do no damage.
The river rat seems to grow stronger.
You bite the river rat, but do no damage.
The river rat is heavily wounded.
The river rat bites you!
You die...

#.†#
#.≈####≈.#
#..#
#≈≈†)....#
#.≈#
#.≈≈≈.≈≈≈#
#..#
##########
#..##
#.≈≈#
##..##
#..≈###
#≈@†.≈## ∆
##≈r...#
###≈≈..# ∆
##.≈≈≈≈.≈
##≈..≈≈# ∆
...≈##
.≈≈...
.≈.≈.≈≈
≈#.≈≈..


You could see a river rat (berserk, fast, strong, very poisoned).

Vanquished Creatures
  4 adders
  2 worms
  2 dart slugs
  2 orcs (D:3)
  10 endoplasms
  12 giant cockroaches
  8 goblins
  5 hobgoblins
  4 quokkas
  8 ball pythons
  8 bats
  7 frilled lizards
  13 kobolds
  5 rats
90 creatures vanquished.

Vanquished Creatures (others)
  8 plants
8 creatures vanquished.

Grand Total: 98 creatures vanquished

Notes
Turn   | Place    | Note
-------+----------+-------------------------------------------
     0 | D:1      | Ablot the Gnoll Chaos Knight began the quest for the Orb.
     0 | D:1      | Reached XP level 1. HP: 23/23 MP: 1/1
   169 | D:1      | XOM: silly message
   286 | D:1      | Reached XP level 2. HP: 26/29 MP: 2/2
   388 | D:1      | XOM: noise
   389 | D:1      | XOM: divination: magic mapping
   549 | D:1      | XOM: divination: detect creatures
   700 | D:1      | XOM: 6-stop teleportation journey
   787 | D:1      | XOM: potion effect (might)
   936 | D:1      | Reached XP level 3. HP: 32/35 MP: 3/3
  1035 | D:2      | Reached skill level 1 in Invocations
  1148 | D:2      | XOM: divination: magic mapping
  1286 | D:2      | Reached skill level 1 in Long Blades
  1286 | D:2      | Reached skill level 1 in Axes
  1286 | D:2      | Reached skill level 1 in Maces & Flails
  1286 | D:2      | Reached skill level 1 in Polearms
  1286 | D:2      | Reached skill level 1 in Staves
  1286 | D:2      | Reached skill level 1 in Slings
  1286 | D:2      | Reached skill level 1 in Bows
  1286 | D:2      | Reached skill level 1 in Crossbows
  1286 | D:2      | Reached skill level 1 in Throwing
  1286 | D:2      | Reached skill level 1 in Stealth
  1286 | D:2      | Reached skill level 1 in Shields
  1286 | D:2      | Reached skill level 1 in Unarmed Combat
  1286 | D:2      | Reached skill level 1 in Spellcasting
  1286 | D:2      | Reached skill level 1 in Evocations
  1441 | D:2      | Reached XP level 4. HP: 41/41 MP: 5/5
  2075 | D:2      | Reached skill level 1 in Conjurations
  2075 | D:2      | Reached skill level 1 in Hexes
  2075 | D:2      | Reached skill level 1 in Summonings
  2075 | D:2      | Reached skill level 1 in Necromancy
  2075 | D:2      | Reached skill level 1 in Translocations
  2075 | D:2      | Reached skill level 1 in Transmutations
  2075 | D:2      | Reached skill level 1 in Fire Magic
  2075 | D:2      | Reached skill level 1 in Ice Magic
  2075 | D:2      | Reached skill level 1 in Air Magic
  2075 | D:2      | Reached skill level 1 in Earth Magic
  2075 | D:2      | Reached skill level 1 in Poison Magic
  2530 | D:3      | Noticed Jessica
  2533 | D:3      | Noticed Jessica
  2533 | D:3      | Jessica changed into Jessica the frilled lizard
  2533 | D:3      | XOM: polymorph Jessica -> Jessica the frilled lizard
  2535 | D:3      | Found a runed translucent gate.
  2536 | D:3      | Killed Jessica the frilled lizard
  2537 | D:3      | Found a runed translucent gate.
  2537 | D:3      | Noticed a kobold brigand
  2538 | D:3      | Found a runed translucent gate.
  2541 | D:3      | Noticed Descartes's ghost (amateur OpWn)
  2636 | D:3      | XOM: summons 1 hostile shadow creature
  2885 | D:3      | Found a bloodstained altar of Trog.
  2886 | D:3      | Found a basalt altar of Yredelemnul.
  2887 | D:3      | Found a hazy altar of Hepliaklqana.
  2895 | D:3      | XOM: polymorph giant cockroach -> ball python
  2919 | D:3      | Reached XP level 5. HP: 47/47 MP: 6/6
  2941 | D:3      | Found a glowing drain.
  2956 | Sewer    | Entered a sewer
  3130 | Sewer    | XOM: god gift: rapier {god gift}
  3229 | Sewer    | XOM: stat loss: -1 Str (12/13)
  3246 | Sewer    | Slain by a river rat

Illustrated notes

Levels and vault maps discovered:
D:1:      psy_arrival_conway, layout_rooms, kennysheep_small_spiral,
          amcnicky_mini_corridor_feature
D:2:      minmay_razor_zed, layout_basic
D:3:      layout_loops_cross, gammafunk_temple_overflow_forgotten,
          gammafunk_ghost_nasty_kobolds, gup_sewer_entry_bubbles,
          minmay_strange_pillars, minivault_23, uniq_jessica
Sewer:    sewer_hellmonk_slimy_pipes

Skill      XL: |  1  2  3  4 |
---------------+-------------+-----
Invocations    | 1 |  1.6
Long Blades    | 1 |  1.4
Axes           | 1 |  1.4
Maces & Flails | 1 |  1.4
Polearms       | 1 |  1.4
Staves         | 1 |  1.4
Slings         | 1 |  1.4
Bows           | 1 |  1.4
Crossbows      | 1 |  1.4
Throwing       | 1 |  1.4
Stealth        | 1 |  1.4
Shields        | 1 |  1.4
Unarmed Combat | 1 |  1.4
Spellcasting   | 1 |  1.4
Evocations     | 1 |  1.4
Conjurations   | 1 |  1.1
Hexes          | 1 |  1.1
Summonings     | 1 |  1.1
Necromancy     | 1 |  1.1
Translocations | 1 |  1.1
Transmutations | 1 |  1.1
Fire Magic     | 1 |  1.1
Ice Magic      | 1 |  1.1
Air Magic      | 1 |  1.1
Earth Magic    | 1 |  1.1
Poison Magic   | 1 |  1.1
Fighting       | |  6.7
Short Blades   | |  6.7
Armour         | |  4.7
Dodging        | |  2.9

Action                   |  1- 3 |  4- 6 || total
-------------------------+-------+-------++-------
Melee: Short sword       |   126 |   201 ||   327
       Bite              |    10 |    17 ||    27
       Punch             |     2 |     1 ||     3
 Stab: Confused          |     1 |       ||     1
       Sleeping          |       |     1 ||     1
Armor: Leather armour    |    86 |    79 ||   165
Dodge: Dodged            |    96 |   118 ||   214
